AoeStats
← 啊超

Black Forest

504242699Analyzed
4v4 RM · 27d ago on Sep 4, 2026· 43m 41s· 8 players
Game mode
Random Map
Map size
Large (8 player)
Population
200
Speed
Normal
Resources
Standard
Victory
Conquest
Starting age
Dark Age
Ending age
Imperial Age
RankedLock teamsTeams togetherTeam positionsShared explorationLock speedFull tech treeHidden civsTurbo modeCheats
Victory
Defeat
🇨🇳 Koreans · China
1111
+14
🇨🇳 Khmer · China
1076
+16
🇹🇼 Burgundians · Taiwan
1054
+17
🇻🇳 Britons · Vietnam
1044
+17
🇨🇳 Spanish · China
1113
-17
🇨🇳 Bohemians · China
1106
-17
🇩🇪 Bohemians · Germany
1062
-16
🇹🇼 Britons · Taiwan
1018
-14
aoechuan28
12:22 Feudal Age
11:03 Double-Bit Axe
11:03 Horse Collar
17:13 Castle Age
15:50 Heavy Plow
16:09 Bow Saw
16:02 Heavy Plow
17:36 Gold Mining
20:08 Gold Shaft Mining
21:51 Wheelbarrow
21:07 Loom
23:06 Hand Cart
24:38 Stone Mining
26:40 Loom
27:42 Scale Barding Armor
27:52 Fletching
28:46 Chain Barding Armor
28:30 Husbandry
27:53 Cavalier
28:47 Husbandry
29:25 Town Watch
30:49 Forging
31:14 Burgundian Vineyards
34:39 Imperial Age
33:45 Crop Rotation
34:02 Iron Casting
36:07 Two-Man Saw
37:23 Chemistry
35:47 Paladin
37:05 Plate Barding Armor
38:26 Capped Ram
40:46 Blast Furnace
41:50 Bodkin Arrow
Only 1 call a day
0:27 Loom
12:02 Feudal Age
12:44 Double-Bit Axe
20:21 Castle Age
18:21 Horse Collar
27:02 Wheelbarrow
26:30 Caravan
28:56 Hand Cart
28:58 Bow Saw
28:41 Stone Mining
28:47 Gold Mining
29:05 Heavy Plow
33:23 Imperial Age
32:26 Yeomen
32:23 Forging
32:04 Fletching
32:14 Padded Archer Armor
32:55 Coinage
33:49 Iron Casting
33:41 Bodkin Arrow
34:27 Conscription
35:17 Chemistry
35:22 Two-Man Saw
35:01 Gold Shaft Mining
34:14 Elite Longbowman
35:29 Conscription
35:30 Leather Archer Armor
36:31 Blast Furnace
42:23 Bracer
42:53 Ring Archer Armor
啊超
8:03 Loom
12:05 Feudal Age
16:40 Castle Age
16:12 Double-Bit Axe
32:46 Imperial Age
31:09 Gold Mining
31:12 Stone Mining
31:42 Forging
33:00 Iron Casting
32:31 Scale Barding Armor
34:48 Chemistry
34:09 Ballistics
34:43 Elite Ballista Elephant
36:10 Double Crossbow
38:33 Blast Furnace
37:27 Fletching
38:05 Husbandry
38:20 Bloodlines
37:31 Light Cavalry
39:47 Wheelbarrow
40:40 Hussar
44:15 Chain Barding Armor
43:55 Bodkin Arrow
tugou
0:45 Loom
13:08 Feudal Age
13:59 Double-Bit Axe
20:22 Castle Age
19:23 Fishing Lines
21:22 Fletching
21:59 Gold Mining
23:55 Bodkin Arrow
26:06 Horse Collar
27:42 Gillnets
28:28 Bow Saw
35:49 Imperial Age
33:58 Ballistics
34:45 Wheelbarrow
34:54 Wheelbarrow
36:11 Hand Cart
36:09 Elite War Wagon
38:31 Heavy Rocket Cart
39:20 Stone Mining
40:06 Gold Shaft Mining
40:15 Conscription
41:38 Bracer
43:40 Chemistry
ff167317
12:20 Feudal Age
13:06 Double-Bit Axe
16:52 Castle Age
14:42 Fishing Lines
15:47 Horse Collar
17:38 Gillnets
17:51 Heavy Plow
18:01 Bow Saw
21:31 Loom
22:23 Wheelbarrow
21:35 Town Watch
23:41 Hand Cart
30:19 Elite Skirmisher
30:20 Crossbowman
30:21 Pikeman
30:22 Man-at-Arms
30:22 Pikeman
30:47 Arson
33:34 Imperial Age
lostRiver
0:30 Loom
20:08 Feudal Age
22:40 Double-Bit Axe
27:48 Castle Age
29:25 Wheelbarrow
29:29 Wheelbarrow
虐菜好好玩
1:29 Loom
16:30 Feudal Age
22:36 Castle Age
23:56 Pikeman
27:14 Horse Collar
27:43 Double-Bit Axe
Taiwan_倫仔
3:48 Loom
8:16 Loom
12:24 Feudal Age
13:55 Wheelbarrow
13:08 Double-Bit Axe
18:49 Castle Age
17:13 Gold Mining
18:21 Horse Collar
21:28 Bow Saw
21:47 Heavy Plow
24:11 Fervor
26:49 Hand Cart
26:48 Stone Mining
27:40 Gold Shaft Mining
28:01 Crossbowman
31:24 Imperial Age
28:52 Fletching
28:37 Crossbowman
30:51 Masonry
30:41 Bodkin Arrow
30:46 Padded Archer Armor
30:11 Pikeman
31:05 Forging
30:55 Scale Mail Armor
33:24 Two-Man Saw
32:36 Town Watch
32:50 Halberdier
34:06 Bracer
35:15 Chemistry
34:57 Leather Archer Armor
34:16 Elite Skirmisher
34:23 Arbalester
36:31 Squires
36:54 Ballistics
37:46 Architecture
40:52 Ring Archer Armor
Connection lost

Rejoining the realm…

Still unreachable

The connection could not be restored.

Session expired

The server has moved on; the page needs a fresh start.